 Dungeon Crawl Stone Soup version 0.27-a0-1202-ge72e49191c (webtiles) character file.

Game seed: 2538939529371791987

65 polve the Cutter (level 3, -2/29 HPs)
             Began as a Demonspawn Abyssal Knight on June 4, 2021.
             Was a Follower of Lugonu.
             Slain by a hobgoblin (5 damage)
             ... led by Robin
             ... on level 2 of the Dungeon.
             The game lasted 00:01:33 (2642 turns).

polve the Cutter (Demonspawn Abyssal Knight)        Turns: 2642, Time: 00:01:33

Health: -2/29      AC:  3    Str: 13    XL:     3   Next: 94%
Magic:  4/4        EV: 11    Int: 13    God:    Lugonu [*.....]
Gold:   50         SH:  0    Dex: 12    Spells: 2/2 levels left

rFire    . . .     SeeInvis .   a - +1 short sword
rCold    . . .     Faith    .   (no shield)
rNeg     . . .     Spirit   .   b - +0 leather armour
rPois    .         Reflect  .   (no helmet)
rElec    .         Harm     .   (no cloak)
rCorr    +         Rampage  .   (no gloves)
Will     .....                  (no boots)
Stlth    +.........             (no amulet)
HPRegen  0.09/turn              e - ring of resist corrosion
MPRegen  0.18/turn              (no ring)

@: no status effects
A: magic regeneration
a: Renounce Religion, Depart the Abyss


You were on level 2 of the Dungeon.
You worshipped Lugonu.
Lugonu was aware of your devotion.
You visited 1 branch of the dungeon, and saw 3 of its levels.
You visited the Abyss 1 time.

You collected 50 gold pieces.

Inventory:

Hand Weapons
 a - a +1 short sword (weapon)
Armour
 b - a +0 leather armour (worn)
 l - a +0 helmet
Jewellery
 e - a ring of resist corrosion (left hand)
Scrolls
 d - 2 scrolls of identify {unknown}
 g - 2 scrolls of teleportation {unknown}
 h - a scroll of immolation {unknown}
 j - a scroll of silence {unknown}
 k - a scroll of fear {unknown}
 m - a scroll of fog {unknown}
Potions
 c - a potion of mutation {unknown}
 f - 3 potions of degeneration {unknown}
 i - a potion of flight {unknown}
 n - a potion of curing {unknown}
 o - 2 potions of lignification {unknown}


   Skills:
 - Level 3.0 Fighting
 + Level 3.9 Short Blades
 - Level 1.7 Armour
 - Level 0.8 Dodging
 - Level 2.4 Invocations


You had 2 spell levels left.
You didn't know any spells.
Your spell library was empty.

Dungeon Overview and Level Annotations

Branches:
Dungeon (3/15)

Altars:

Annotations:
D:3 Robin


Innate Abilities, Weirdness & Mutations

You regenerate magic rapidly.


Message History

You puncture the goblin!
You kill the goblin!
Lugonu accepts your kill.
You barely miss the goblin. The goblin hits you with a +0 club.
* * * LOW HITPOINT WARNING * * *
You hit the goblin.
The goblin is heavily wounded.
The goblin hits you with a +0 club.
* * * LOW HITPOINT WARNING * * *
You hit the goblin.
You kill the goblin!
Lugonu accepts your kill.
You hit the goblin.
You kill the goblin!
Lugonu accepts your kill.
You hit the hobgoblin.
The hobgoblin is heavily wounded.
The hobgoblin barely misses you.
You hit the hobgoblin but do no damage.
The hobgoblin is heavily wounded.
The hobgoblin hits you.
* * * LOW HITPOINT WARNING * * *
You hit the hobgoblin.
You kill the hobgoblin!
Lugonu accepts your kill.
You hit the hobgoblin but do no damage. The hobgoblin hits you.
* * * LOW HITPOINT WARNING * * *
Robin roars a battlecry!
The hobgoblins go into a battle-frenzy!
There is a stone staircase leading up here.
The hobgoblin hits you.
* * * LOW HITPOINT WARNING * * *
You climb upwards.
There is a stone staircase leading down here.
You hit the hobgoblin.
The hobgoblin is severely wounded.
You barely miss the hobgoblin.
The hobgoblin is severely wounded.
The hobgoblin hits you.
You die...

## #.# #.# #.# #(# ###
#.# #.# ##.###.# #.#
##...##.#####.######
##..................###
#........###..........#
##.##.###.# ###g####.#.#
##...#.###.#####@# #.#.#
...............#.# #.#.#
##...######.##.#.# #.#.#
##...## #.##.#.####.#.#
#....>#
#.##.#........#########
#....##
##.##.###...............
....##
#.........#.#..#########
.....# #.<##.#####..>.#
.....#####..##.# ###.#.#


You could see a hobgoblin (strong).

Vanquished Creatures
  2 adders
  2 worms (D:2)
  4 endoplasms
  9 goblins
  2 hobgoblins
  3 kobolds
  3 quokkas
  4 ball pythons
  7 bats
  3 frilled lizards (D:2)
  3 rats
42 creatures vanquished.

Notes
Turn   | Place    | Note
-------+----------+-------------------------------------------
     0 | Abyss:1  | polve the Demonspawn Abyssal Knight began the quest for the
                  | Orb.
     0 | Abyss:1  | Reached XP level 1. HP: 18/18 MP: 2/2
    22 | Abyss:1  | Noticed a thrashing horror
    31 | D:1      | Escaped the Abyss
   486 | D:1      | Found a faded altar of an unknown god.
   702 | D:1      | Gained mutation: You regenerate magic rapidly. [demonic
                  | ancestry]
   702 | D:1      | Reached XP level 2. HP: 2/24 MP: 3/3
  1439 | D:2      | Reached * piety under Lugonu
  1686 | D:2      | Reached XP level 3. HP: 26/29 MP: 4/4
  2571 | D:3      | Noticed Robin
  2642 | D:2      | Slain by a hobgoblin

Illustrated notes

Levels and vault maps discovered:
D:1:      amcnicky_arrival_blooded_trapdoor, layout_loops_ring,
          shapermc_ecumenical_altar_totnotflames, hangedman_decor_lopped
D:2:      layout_loops_ring, minmay_misc_feat_cross
D:3:      layout_basic, nicolae_overflow_hidden_temple, uniq_robin

Skill      XL: |  1  2 |
---------------+-------+-----
Short Blades   | 2 3 |  3.9
Fighting       | |  3.0
Armour         | |  1.7
Dodging        | |  0.8
Invocations    | |  2.4

Action                   || total
-------------------------++-------
Melee: Short sword       ||   140
Invok: Depart the Abyss  ||     1
Armor: Leather armour    ||    36
Dodge: Dodged            ||    83

Table legend: (Time is in decaauts)
 A = Elapsed time spent in this place.
 B = Non-inter-level travel time spent in this place.
 C = Inter-level travel time spent in this place.
 D = Time resting spent in this place.
 E = Time spent auto-exploring this place.
 F = Levels seen in this place.
 G = Mean time per level.
                   A        B        C        D        E       F      G
               +--------+--------+--------+--------+--------+-----+--------+
         Total |   2630 |   2564 |     66 |      0 |   2146 |   4 |  657.5 |
       Dungeon |   2599 |   2533 |     66 |      0 |   2122 |   3 |  866.3 |
         Abyss |     31 |     31 |      0 |      0 |     24 |   1 |   31.0 |
               +--------+--------+--------+--------+--------+-----+--------+

Top non-repeatable levels by time:
     D:2: 1198 daAuts
     D:1: 1110 daAuts
     D:3: 289 daAuts
 Abyss:1: 31 daAuts
